 Dungeon Crawl Stone Soup version 0.23-a0-109-g5e4b187028 (webtiles) character file.

1221 MrRokkomies the Grappler (level 8, -15/68 HPs)
             Began as a Ghoul Monk on Aug 22, 2018.
             Was a Follower of Uskayaw.
             Demolished by an orc warrior
             ... wielding a +0 glaive
              (18 damage)
             ... on level 6 of the Dungeon.
             The game lasted 00:08:18 (4343 turns).

MrRokkomies the Grappler (Ghoul Monk)               Turns: 4343, Time: 00:08:19

Health: -15/68     AC: 13    Str: 23    XL:     8   Next: 47%
Magic:  0/7        EV:  7    Int:  5    God:    Uskayaw [*.....]
Gold:   233        SH:  0    Dex: 11    Spells: 7/7 levels left

rFire    + . .     SeeInvis .     - Unarmed
rCold    + . .     Gourm    .   (no shield)
rNeg     + + +     Faith    .   i - +1 plate armour
rPois    ∞         Spirit   +   (no helmet)
rElec    .         Reflect  .   (no cloak)
rCorr    .         Harm     .   (no gloves)
MR       .....                  (no boots)
Stlth    ..........             f - amulet of guardian spirit
HPRegen  0.00/turn              a - +6 ring of strength
MPRegen  0.10/turn              q - ring of protection from fire

@: rotting
A: rotting body, claws 1, carnivore, cold resistance 1, negative energy
resistance 3, inhibited regeneration, torment resistance, unbreathing
a: Stomp, Renounce Religion


You were on level 6 of the Dungeon.
You worshipped Uskayaw.
Uskayaw was noncommittal.
You were not hungry.

You visited 2 branches of the dungeon, and saw 7 of its levels.

You collected 233 gold pieces.

Inventory:

Missiles
 c - 9 tomahawks (quivered)
 g - 3 javelins
Armour
 i - a +1 plate armour (worn)
Jewellery
 a - a +6 ring of strength (left claw)
 f - an amulet of guardian spirit (around neck)
 q - a ring of protection from fire (right claw)
 s - an uncursed ring of wizardry
Wands
 k - a wand of random effects (31)
 m - a wand of acid (7)
Scrolls
 d - 7 scrolls of identify
 e - a scroll of enchant weapon
 j - a scroll of remove curse
 l - 3 scrolls of magic mapping
 t - a scroll of enchant armour
Potions
 h - 3 potions of curing
 n - a potion of heal wounds {unknown}
 o - a potion of magic {unknown}
 p - a potion of berserk rage {unknown}
 r - a potion of might {unknown}
Comestibles
 b - 11 rations


   Skills:
 - Level 5.0 Fighting
 * Level 5.3 Armour
 - Level 2.6 Dodging
 - Level 2.1 Stealth
 * Level 8.4 Unarmed Combat


You had 7 spell levels left.
You didn't know any spells.
Your spell library contained the following spells:

 Spells                   Type           Power        Failure   Level  Hunger
 Sticks to Snakes         Tmut           #.......     100%        2    ###....
 Beastly Appendage        Tmut           Unusable     N/A         1    N/A
 Spider Form              Tmut/Pois      Unusable     N/A         3    N/A
 Ice Form                 Ice/Tmut       Unusable     N/A         4    N/A
 Blade Hands              Tmut           Unusable     N/A         5    N/A

Dungeon Overview and Level Annotations

Branches:
Dungeon (6/15)             Temple (1/1) D:6

Altars:
Cheibriados
Hepliaklqana
Makhleb
Nemelex Xobeh
Okawaru
Ru
Sif Muna
Trog
Uskayaw
Xom
Yredelemnul
Zin
The Shining One

Annotations:
D:2 Sigmund


Innate Abilities, Weirdness & Mutations

Your body is rotting away.
You thrive on raw meat.
You are immune to poison.
You have sharp fingernails.
You are carnivorous and can eat meat at any time.
Your flesh is cold resistant. (rC+)
You are immune to negative energy. (rN+++)
You do not regenerate when monsters are visible.
You are immune to unholy pain and torment.
You can survive without breathing.


Message History

Your plate armour prevents you from hitting the orc warrior.
The orc warrior is moderately wounded.
The orc warrior hits you with a glaive!!
* * * LOW HITPOINT WARNING * * *
Your plate armour prevents you from hitting the orc warrior.
The orc warrior is moderately wounded.
You scratch the orc warrior but do no damage.
The orc warrior is moderately wounded.
The orc warrior closely misses you.
You feel better. The orc warrior barely misses you.
You scratch the orc warrior but do no damage.
The orc warrior is moderately wounded.
You claw the orc warrior!
The orc warrior is almost dead.
The orc warrior hits you with a glaive!!
* * * LOW HITPOINT WARNING * * *
You scratch the orc warrior but do no damage.
The orc warrior is almost dead.
The orc warrior hits you with a glaive!!
You die...

#.)(......# #
#.#..##.#.#####
### #..##.#..(..#
#.........#.....#
#.#####...#.....#
#o# #...#.....#
#o# #.......>.#
#o# #.#######.#
#@#####.# #.#
#..)....# #.#
####.#### #.##
..... ####...
#.##.##.# #......
# #.# # #.#####
#.. ###


You could see an orc warrior and 2 orcs.

Vanquished Creatures
  Grinder (D:3)
  A phantom (D:6)
  A black bear (D:6)
  A sky beast (D:6)
  2 ogres (D:4)
  A bullfrog (D:6)
  2 howler monkeys (D:4)
  A bullfrog zombie (D:5)
  An orc priest (D:5)
  2 orc wizards
  2 worker ants
  Ijyb (D:3)
  A hound zombie (D:6)
  A hound skeleton (D:5)
  6 gnolls
  7 adders
  An ooze (D:1)
  An adder skeleton (D:6)
  An adder zombie (D:6)
  4 worms
  2 leopard geckos (D:1)
  15 orcs
  7 giant cockroaches
  4 goblins
  4 hobgoblins
  4 jackals (D:3)
  9 kobolds
  3 quokkas
  2 ball pythons
  8 bats
  2 frilled lizards (D:4)
  A jackal skeleton (D:4)
  2 rats (D:2)
101 creatures vanquished.

Notes
Turn   | Place    | Note
-------+----------+-------------------------------------------
     0 | D:1      | MrRokkomies the Ghoul Monk began the quest for the Orb.
     0 | D:1      | Reached XP level 1. HP: 19/19 MP: 0/0
    89 | D:1      | Reached XP level 2. HP: 26/26 MP: 1/1
   404 | D:1      | Reached XP level 3. HP: 33/33 MP: 2/2
   515 | D:1      | Reached skill level 4 in Unarmed Combat
   583 | D:2      | Found an iron altar of Okawaru.
   583 | D:2      | Found a glowing silver altar of Zin.
   736 | D:2      | Found a shimmering altar of Xom.
   778 | D:2      | Reached XP level 4. HP: 30/40 MP: 3/3
   845 | D:2      | Noticed Sigmund
  1071 | D:3      | Reached XP level 5. HP: 45/46 MP: 4/4
  1113 | D:3      | Found a glowing golden altar of the Shining One.
  1151 | D:2      | Found a glowing golden altar of the Shining One.
  1226 | D:3      | Reached skill level 5 in Fighting
  1233 | D:3      | Noticed Grinder
  1245 | D:3      | Paralysed by Grinder for 6 turns
  1276 | D:3      | Killed Grinder
  1276 | D:3      | Reached skill level 5 in Unarmed Combat
  1276 | D:3      | Reached XP level 6. HP: 21/56 MP: 0/5
  1822 | D:3      | Noticed Ijyb
  1830 | D:3      | Killed Ijyb
  1830 | D:3      | Reached skill level 6 in Unarmed Combat
  2163 | D:4      | Reached XP level 7. HP: 30/59 MP: 6/6
  2398 | D:4      | Reached skill level 7 in Unarmed Combat
  2933 | D:5      | Entered Level 5 of the Dungeon
  3497 | D:5      | Reached XP level 8. HP: 48/66 MP: 5/7
  3970 | D:6      | Found a staircase to the Ecumenical Temple.
  3977 | Temple   | Entered the Ecumenical Temple
  4011 | Temple   | Became a worshipper of Uskayaw the Reveler
  4011 | Temple   | Reached * piety under Uskayaw
  4085 | D:6      | Reached ** piety under Uskayaw
  4101 | D:6      | Reached skill level 5 in Armour
  4101 | D:6      | Reached skill level 8 in Unarmed Combat
  4342 | D:6      | HP: 3/68 [orc warrior/glaive (21)]
  4343 | D:6      | Demolished by an orc warrior

Vault maps used:
D:1:      dpeg_arrival_tiny_g, minivault_11
D:2:      cheibrodos_old_hovel, nicolae_overflow_hidden_temple,
          minmay_misc_feat_encased, uniq_sigmund
D:3:      minmay_fountain_box, tso_metal_star, uniq_ijyb, uniq_grinder
D:4:      first_ration, supply_closet_lemuel
D:5:      grunt_ministairs_6, minmay_misc_feat_hallway
D:6:      minmay_temple_entry_mist
Temple:   regret_index_temple_sphere_string

Skill      XL: |  1  2  3  4  5  6  7  8 |
---------------+-------------------------+-----
Fighting       | 4 5 |  5.0
Unarmed Combat | 4 5 6 7 8 |  8.4
Armour         | 2 3 4 5 |  5.3
Dodging        | |  2.6
Stealth        | |  2.1

Action                   |  1- 3 |  4- 6 |  7- 9 || total
-------------------------+-------+-------+-------++-------
Melee: Unarmed           |   104 |   111 |   192 ||   407
       Punch             |     1 |       |     3 ||     4
Throw: Tomahawk          |       |     1 |       ||     1
Evoke: Wand              |       |     2 |       ||     2
  Use: Scroll            |     4 |     3 |     4 ||    11
       Potion            |       |     1 |     1 ||     2
 Stab: Invisible         |       |     1 |       ||     1
  Eat: Chunk             |     5 |     4 |     7 ||    16
Armor: Robe              |    12 |       |       ||    12
       Scale mail        |    13 |       |       ||    13
       Plate armour      |    35 |    53 |   100 ||   188
Dodge: Dodged            |    39 |    34 |    64 ||   137

Table legend:
 A = Non-vault XP
 B = Vault XP
 C = Vault XP percentage of total XP
 D = Non-vault monster count
 E = Vault monster count
 F = Vault count percentage of total count
                 A         B        C        D         E       F
            +---------+---------+-------+---------+---------+-------
      Total |    1402 |     343 |  19.7 |      97 |       4 |   4.0
            +---------+---------+-------+---------+---------+-------
        D:1 |      38 |       0 |   0.0 |      17 |       0 |   0.0
        D:2 |      71 |       2 |   2.7 |      13 |       1 |   7.1
        D:3 |      84 |     307 |  78.5 |      20 |       2 |   9.1
        D:4 |     453 |       0 |   0.0 |      17 |       0 |   0.0
        D:5 |     235 |      34 |  12.6 |      19 |       1 |   5.0
        D:6 |     521 |       0 |   0.0 |      11 |       0 |   0.0
            +---------+---------+-------+---------+---------+-------
